 Dungeon Crawl Stone Soup version 0.18.1-48-g4cf74bf (webtiles) character file.

2071 nikopol the Cleaver (level 9, 0/79 HPs)
             Began as a Minotaur Berserker on Sept 5, 2016.
             Was a Priest of Trog.
             Killed from afar by HEYYEYAAE's ghost (20 damage)
             ... with a bolt of negative energy
             ... on level 7 of the Dungeon.
             The game lasted 00:10:03 (5689 turns).

nikopol the Cleaver (Minotaur Berserker)            Turns: 5689, Time: 00:10:05

Health: 0/79       AC:  8    Str: 23    XL:     9   Next: 5%
Magic:  8/8        EV: 12    Int:  4    God:    Trog [***...]
Gold:   240        SH:  0    Dex: 12    Spells: 0 memorised, 8 levels left

rFire  . . .     SeeInvis .     a - +1 hand axe (venom)
rCold  . . .     Gourm    .     k - +0 scale mail
rNeg   . . .     Faith    .     (no shield)
rPois  .         Spirit   .     (helmet restricted)
rElec  .         Dismiss  .     o - +0 cloak
rCorr  .         Reflect  .     (no gloves)
SustAt +         Harm     .     (no boots)
MR     .....                    (no amulet)
Stlth  ..........               (no ring)
                                h - ring of sustain attributes

@: drained, not resistant to hostile enchantments, extremely unstealthy
A: retaliatory headbutt, horns 2
a: Berserk, Trog's Hand, Burn Spellbooks, Renounce Religion


You were on level 7 of the Dungeon.
You worshipped Trog.
Trog was most pleased with you.
You were not hungry.

You visited 1 branch of the dungeon, and saw 7 of its levels.

You collected 240 gold pieces.

Inventory:

Hand Weapons
 a - a +1 hand axe of venom (weapon)
 r - a +0 hand axe
 z - a +0 shortbow
Missiles
 u - 95 arrows (quivered)
Armour
 b - a +0 animal skin
 g - a +0 leather armour
 k - a +0 scale mail (worn)
 o - a +0 cloak (worn)
Jewellery
 h - a ring of sustain attributes (left hand)
 D - a cursed -2 ring of intelligence {unknown}
Wands
 m - a wand of slowing (11/48)
 x - a wand of paralysis (16/24)
 E - a wand of hasting (6/9)
Scrolls
 d - 9 scrolls of identify {unknown}
 f - 4 scrolls of enchant weapon {unknown}
 i - 2 scrolls of enchant armour {unknown}
 j - a scroll of teleportation {unknown}
 s - 8 scrolls of remove curse {unknown}
 w - 2 scrolls of noise {unknown}
 y - a scroll of random uselessness {unknown}
Potions
 e - 5 potions of curing {unknown}
 n - a potion of might {unknown}
 p - a potion of mutation {unknown}
 q - 2 potions of heal wounds {unknown}
 t - 3 potions of degeneration {unknown}
 A - a potion of agility {unknown}
 C - 2 potions of brilliance {unknown}
Books
 B - the Tome of Protection and Intoxication
   (You found it on level 7 of the Dungeon)

   Spells                             Type                      Level
   a - Swiftness                      Charms/Air                   2
   b - Cure Poison                    Poison                       2
   c - Regeneration                   Charms/Necromancy            3
   Trog disapproves of the use of such an item.
Comestibles
 c - 6 bread rations
 l - 2 beef jerkies
 v - 2 meat rations
 F - 3 chunks of flesh


   Skills:
 + Level 7.0(6.4) Fighting
 * Level 8.7(8.1) Axes
 * Level 4.6(4.0) Bows
 + Level 6.3(5.7) Armour
 + Level 6.2(5.6) Dodging


You had 8 spell levels left.
You didn't know any spells.

Dungeon Overview and Level Annotations

Branches:
Dungeon (7/15)             Temple (0/1) D:7

Altars:
Ashenzari
Dithmenos
Gozag
Kikubaaqudgha
Okawaru
Pakellas
Ru
Trog
Xom
Zin

Annotations:
D:7 HEYYEYAAE's ghost, novice DrIE


Innate Abilities, Weirdness & Mutations

You reflexively headbutt those who attack you in melee.
You have a pair of horns on your head.


Message History

You hit the giant frog but do no damage.
The giant frog is severely wounded.
The giant frog hits you.
* * * LOW HITPOINT WARNING * * *
The giant frog closely misses you. You furiously retaliate!
You headbutt the giant frog. You slash the giant frog!
You kill the giant frog!
Trog accepts your kill.
You see here a giant frog corpse.
You butcher the giant frog corpse.
You feel less exhausted.
F - 3 chunks of flesh (gained 1)
u - 95 arrows (gained 1) HEYYEYAAE's ghost (novice Pale Draconian Ice Elementalist) comes into view.
It is wielding a weapon of venom.
Read which item? (? for menu, Esc to quit)
Okay, then.
HEYYEYAAE's ghost breathes negative energy at you.
The bolt of negative energy hits you!
You feel drained.
You die...

#.# #.....##########.#####
#.#######..>..'.......##.#...##
#.......#.....#..####.........###
.)#######.....##.####.##.........
#.# #.....##)##............## #.#
###+####)##.#.##.....#.# #.##
#...#.[...........##.#
#..##########....)....##..(###.#
##.##...#...##..@...W..........#
#.##.##.##.###....#........####
#..##.##.##._#.............#
###.##)##.######.###.......#
##..###..# #.# #.......# ####
#### ..# #.......# .### #.......#
. #########


You could see HEYYEYAAE's ghost.

Vanquished Creatures
  A hippogriff (D:7)
  Menkaure (D:7)
  The ghost of Elystan the Shooter, an amateur HEHu (D:4)
  A water moccasin (D:6)
  Duvessa (D:6)
  An ice beast (D:5)
  An orc warrior (D:7)
  A phantom (D:7)
  An ogre (D:7)
  A centaur (D:5)
  A giant frog (D:7)
  Dowan (D:6)
  2 scorpions
  6 killer bees (D:7)
  A centaur zombie (D:7)
  2 jellies
  3 hounds
  Crazy Yiuf (D:2)
  An orc priest (D:5)
  An iguana (D:5)
  2 orc wizards
  Terence (D:2)
  A worker ant (D:4)
  A hound zombie (D:6)
  5 adders
  4 gnolls (D:2)
  A shadow imp (D:5)
  3 worms (D:2)
  2 giant geckos
  11 orcs
  3 ball pythons
  2 giant cockroaches
  8 goblins
  3 hobgoblins
  5 jackals
  11 kobolds
  A quokka (D:5)
  10 bats
  4 giant newts
  8 rats
115 creatures vanquished.

Vanquished Creatures (others)
  An orange crystal statue (D:3)
1 creature vanquished.

Grand Total: 116 creatures vanquished

Notes
Turn   | Place    | Note
--------------------------------------------------------------
     0 | D:1      | nikopol the Minotaur Berserker began the quest for the Orb.
     0 | D:1      | Reached XP level 1. HP: 19/19 MP: 0/0
   180 | D:1      | Reached XP level 2. HP: 24/27 MP: 1/1
   718 | D:2      | Reached skill level 4 in Axes
   718 | D:2      | Reached XP level 3. HP: 33/33 MP: 2/2
   782 | D:2      | Reached ** piety under Trog
   932 | D:2      | Noticed Terence
   939 | D:2      | Killed Terence
   939 | D:2      | Reached XP level 4. HP: 38/41 MP: 3/3
  1116 | D:2      | HP: 3/61 [gnoll/club (7)]
  1501 | D:2      | Found a sacrificial altar of Ru.
  1504 | D:2      | Found an iron altar of Okawaru.
  1507 | D:2      | Found a glowing silver altar of Zin.
  1607 | D:2      | Noticed Crazy Yiuf
  1612 | D:2      | Killed Crazy Yiuf
  1612 | D:2      | Reached XP level 5. HP: 43/47 MP: 4/4
  1870 | D:3      | Reached *** piety under Trog
  1873 | D:3      | Reached skill level 5 in Axes
  2296 | D:3      | Found an oddly glowing altar of Pakellas.
  2296 | D:3      | Noticed an orange crystal statue
  2297 | D:3      | Noticed a troll
  2305 | D:3      | Killed an orange crystal statue
  2361 | D:4      | Noticed Elystan's ghost (amateur HEHu)
  2372 | D:4      | Killed Elystan's ghost
  2372 | D:4      | Reached skill level 5 in Fighting
  2372 | D:4      | Reached XP level 6. HP: 56/56 MP: 5/5
  3108 | D:5      | Entered Level 5 of the Dungeon
  3117 | D:5      | Reached skill level 6 in Axes
  3537 | D:5      | Noticed an ice beast
  3549 | D:5      | Killed an ice beast
  3549 | D:5      | Reached XP level 7. HP: 37/61 MP: 6/6
  3677 | D:5      | Reached skill level 5 in Armour
  3700 | D:5      | Found an ancient bone altar of Kikubaaqudgha.
  3763 | D:5      | Found a shadowy altar of Dithmenos.
  4222 | D:6      | Reached skill level 7 in Axes
  4222 | D:6      | Reached skill level 1 in Bows
  4222 | D:6      | Reached skill level 5 in Dodging
  4258 | D:6      | Found a shattered altar of Ashenzari.
  4288 | D:6      | Found an opulent altar of Gozag.
  4308 | D:6      | Noticed Duvessa
  4308 | D:6      | Noticed Dowan
  4317 | D:6      | Killed Duvessa
  4329 | D:6      | Killed Dowan
  4329 | D:6      | Reached XP level 8. HP: 49/70 MP: 7/7
  4649 | D:6      | Found a bloodstained altar of Trog.
  4913 | D:7      | Identified the Tome of Protection and Intoxication
  4928 | D:7      | Noticed Menkaure
  4936 | D:7      | Killed Menkaure
  5223 | D:7      | Found a shattered altar of Ashenzari.
  5296 | D:7      | Found a staircase to the Ecumenical Temple.
  5312 | D:7      | Reached skill level 8 in Axes
  5598 | D:7      | Found a shimmering altar of Xom.
  5645 | D:7      | Reached XP level 9. HP: 10/79 MP: 8/8
  5650 | D:7      | HP: 3/79 [poisoned by a killer bee]
  5678 | D:7      | Noticed HEYYEYAAE's ghost (novice DrIE)
  5689 | D:7      | Killed from afar by HEYYEYAAE's ghost

Skill      XL: |  1  2  3  4  5  6  7  8 |
---------------+-------------------------+-----
Fighting       | 4 5 6 7 |  7.0
Axes           | 4 5 6 7 8 |  8.7
Armour         | 3 4 5 6 |  6.3
Dodging        | 3 4 5 6 |  6.2
Bows           | 2 4 |  4.6

Action                   |  1- 3 |  4- 6 |  7- 9 || total
-------------------------+-------+-------+-------++-------
Melee: Hand axe          |    74 |   106 |   112 ||   292
       Headbutt          |    10 |    20 |    22 ||    52
 Fire: Shortbow          |       |       |    44 ||    44
Invok: Berserk           |     1 |     2 |     2 ||     5
       Trog's Hand       |       |       |     1 ||     1
  Eat: Chunk             |       |    11 |     6 ||    17
       Pizza             |       |       |     1 ||     1
       Beef jerky        |       |       |     1 ||     1
Armor: Leather armour    |    16 |       |       ||    16
       Animal skin       |     2 |       |       ||     2
       Scale mail        |       |    40 |    34 ||    74
Dodge: Dodged            |    57 |    63 |    58 ||   178
